 Dungeon Crawl Stone Soup version 0.18.1-48-g4cf74bf (webtiles) character file.

2006 MTVSty1e the Skirmisher (level 9, 0/72 HPs)
             Began as a Human Fighter on Aug 23, 2016.
             Slain by a sheep (10 damage)
             ... on level 7 of the Dungeon on Aug 24, 2016.
             The game lasted 00:20:31 (9867 turns).

MTVSty1e the Skirmisher (Human Fighter)             Turns: 9867, Time: 00:20:31

Health: 0/72       AC:  9    Str: 24    XL:     9   Next: 46%
Magic:  9/9        EV: 10    Int:  9    God:
Gold:   386        SH: 12    Dex: 13    Spells: 0 memorised, 8 levels left

rFire  . . .     SeeInvis .     a - +1 long sword
rCold  + . .     Gourm    .     b - +0 scale mail
rNeg   . . .     Faith    .     c - +1 shield
rPois  .         Spirit   .     (no helmet)
rElec  .         Dismiss  .     d - +0 cloak
rCorr  .         Reflect  .     n - -1 pair of gloves (curse)
SustAt .         Harm     .     (no boots)
MR     .....                    A - amulet of magic regeneration
Stlth  ..........               f - +5 ring of strength
                                e - ring of protection from cold

@: not resistant to hostile enchantments, extremely unstealthy
A: no striking features
a: no special abilities


You were on level 7 of the Dungeon.
You were not hungry.

You visited 2 branches of the dungeon, and saw 9 of its levels.

You collected 386 gold pieces.

Inventory:

Hand Weapons
 a - a +1 long sword (weapon)
Armour
 b - a +0 scale mail (worn)
 c - a +1 shield (worn)
 d - a +0 cloak (worn)
 n - a cursed -1 pair of gloves (worn)
Jewellery
 e - a ring of protection from cold (left hand)
 f - a +5 ring of strength (right hand)
 m - an uncursed ring of resist corrosion
 A - an amulet of magic regeneration (around neck)
Wands
 q - a wand of polymorph (24/24)
 C - a wand of acid (13/15)
Scrolls
 h - a scroll of magic mapping
 j - a scroll of enchant armour
 t - 6 scrolls of teleportation
 u - 2 scrolls of blinking
 x - a scroll of identify
 y - a scroll of recharging
Potions
 g - a potion of ambrosia
 i - a potion of cancellation {unknown}
 k - 3 potions of curing
 p - a potion of invisibility {unknown}
 r - 3 potions of brilliance {unknown}
 s - a potion of berserk rage {unknown}
 v - a potion of heal wounds {unknown}
 w - a potion of lignification
 B - a potion of resistance {unknown}
Comestibles
 l - 2 slices of pizza
 o - 4 bread rations


   Skills:
 * Level 7.4 Fighting
 + Level 4.7 Long Blades
 + Level 5.8 Armour
 + Level 4.5 Dodging
 + Level 5.9 Shields


You had 8 spell levels left.
You didn't know any spells.

Dungeon Overview and Level Annotations

Branches:
Dungeon (8/15)             Temple (1/1) D:6
   Lair: D:8-11

Altars:
Ashenzari
Dithmenos
Kikubaaqudgha
Nemelex Xobeh
Okawaru
Pakellas
Ru
Sif Muna
Trog
Vehumet
Xom
Yredelemnul
The Shining One
Lugonu


Message History

You block the sheep's attack. The sheep closely misses you.
You are too injured to fight recklessly!
You are too injured to fight recklessly!
You are too injured to fight recklessly!
You are too injured to fight recklessly!
You are too injured to fight recklessly!
You are too injured to fight recklessly!
You are too injured to fight recklessly!
You slash the sheep!
The sheep is almost dead.
The sheep closely misses you. You block the sheep's attack.
The sheep bites you but does no damage. You block the sheep's attack.
The sheep bites you.
* * * LOW HITPOINT WARNING * * *
You hit the sheep.
You kill the sheep!
The sheep barely misses you. The sheep bites you!
* * * LOW HITPOINT WARNING * * *
You block the sheep's attack. The sheep bites you!
You die...

#.# #.# ########.#
.........###
#######.....#
#..#%%#.....#
#!.#.%#.....####
#..'..#.....'..#
#..#@Y#.....##.#
#..#Y.#.....##.#
#####'###+####.#
#...##.# #.#
#..###.####.#
#+####.####......#
#.............#..#
######.######.#..#
.... ..#..#


You could see 2 sheep.

Vanquished Creatures
  A human (D:7)
  A hog (D:7)
  Eustachio (D:4)
  Edmund (D:5)
  2 orc warriors
  A phantom (D:6)
  A big kobold (D:5)
  A giant frog (D:7)
  Blork the orc (D:4)
  A scorpion (D:5)
  A howler monkey (D:5)
  2 crimson imps
  4 hounds
  5 orc priests
  Crazy Yiuf (D:6)
  3 iguanas
  Jessica (D:3)
  3 orc wizards
  4 worker ants
  A sheep (D:7)
  2 hound skeletons
  3 gnolls (D:6)
  7 adders
  An adder zombie (D:5)
  A worm (D:4)
  A giant gecko (D:3)
  31 orcs
  7 bats
  7 giant cockroaches
  6 goblins
  8 hobgoblins
  5 jackals
  2 quokkas
  A giant gecko zombie (D:7)
  4 giant newts
  A jackal skeleton (D:6)
  17 kobolds
  7 rats
  A bush (D:6)
148 creatures vanquished.

Notes
Turn   | Place    | Note
--------------------------------------------------------------
     0 | D:1      | MTVSty1e the Human Fighter began the quest for the Orb.
     0 | D:1      | Reached XP level 1. HP: 18/18 MP: 1/1
   109 | D:1      | Reached XP level 2. HP: 17/24 MP: 2/2
   456 | D:1      | Reached XP level 3. HP: 18/29 MP: 3/3
  1111 | D:2      | Found a shadowy altar of Dithmenos.
  1261 | D:2      | Reached XP level 4. HP: 15/35 MP: 4/4
  1265 | D:2      | Reached skill level 1 in Dodging
  2665 | D:3      | Reached XP level 5. HP: 23/41 MP: 5/5
  2890 | D:3      | Noticed Jessica
  2897 | D:3      | Killed Jessica
  3000 | D:3      | Found an iron altar of Okawaru.
  3163 | D:3      | Reached skill level 4 in Fighting
  3439 | D:3      | Reached XP level 6. HP: 45/48 MP: 6/6
  4092 | D:4      | Noticed Eustachio
  4113 | D:4      | Killed Eustachio
  4113 | D:4      | Reached XP level 7. HP: 23/55 MP: 7/7
  4544 | D:4      | Noticed Blork the orc
  4584 | D:4      | Killed Blork the orc
  4609 | D:4      | Found a sacrificial altar of Ru.
  4722 | D:4      | Found an ancient bone altar of Kikubaaqudgha.
  4769 | D:4      | Reached skill level 5 in Fighting
  4955 | D:5      | Entered Level 5 of the Dungeon
  4955 | D:5      | Noticed Edmund
  6413 | D:5      | Found a shattered altar of Ashenzari.
  6448 | D:5      | Killed Edmund
  6448 | D:5      | Reached XP level 8. HP: 55/63 MP: 8/8
  6901 | D:5      | Reached skill level 5 in Shields
  7000 | D:5      | Reached skill level 6 in Fighting
  7003 | D:5      | Reached skill level 5 in Armour
  7366 | D:5      | Found a shimmering altar of Xom.
  7870 | D:6      | Found a staircase to the Ecumenical Temple.
  7879 | Temple   | Entered the Ecumenical Temple
  8499 | D:6      | Reached XP level 9. HP: 71/71 MP: 9/9
  8587 | D:6      | Noticed Crazy Yiuf
  8591 | D:6      | Killed Crazy Yiuf
  9481 | D:7      | Reached skill level 7 in Fighting
  9867 | D:7      | Slain by a sheep

Skill      XL: |  1  2  3  4  5  6  7  8  9 |
---------------+----------------------------+-----
Dodging        | 1 2 3 4 |  4.5
Fighting       | 4 5 6 7 |  7.4
Armour         | 4 5 |  5.8
Shields        | 4 5 |  5.9
Long Blades    | 3 4 |  4.7

Action                   |  1- 3 |  4- 6 |  7- 9 || total
-------------------------+-------+-------+-------++-------
Melee: Long sword        |   170 |   289 |   405 ||   864
       Unarmed           |       |       |     3 ||     3
  Use: Scroll            |     2 |     2 |     7 ||    11
       Potion            |     2 |     1 |     2 ||     5
  Eat: Bread ration      |     1 |       |     1 ||     2
       Chunk             |       |     2 |       ||     2
       Meat ration       |       |     1 |     3 ||     4
       Beef jerky        |       |       |     2 ||     2
Armor: Scale mail        |    91 |   144 |   127 ||   362
       Skin              |       |       |    12 ||    12
Dodge: Dodged            |    57 |   126 |   148 ||   331
Block: Shield            |    97 |   221 |   258 ||   576
